AoeStats
← Kristian Hegaard

Arabia

511015461Analyzed
2v2 RM · 7h ago on Oct 3, 2026· 34m 24s· 4 players
Game mode
Random Map
Map size
Medium (4 player)
Population
200
Speed
Normal
Resources
Standard
Victory
Conquest
Starting age
Dark Age
Ending age
Imperial Age
RankedLock teamsTeams togetherTeam positionsShared explorationLock speedFull tech treeHidden civsTurbo modeCheats
Victory
Defeat
🇹🇼 Franks · Taiwan
1039
+15
🇹🇼 Byzantines · Taiwan
1024
+16
🇫🇮 Magyars · Finland
1036
-16
🇩🇰 Spanish · Denmark
999
-42
wusung67
5:11 Loom
14:09 Feudal Age
15:48 Double-Bit Axe
15:57 Gold Mining
18:15 Castle Age
17:28 Scale Barding Armor
19:48 Bow Saw
21:04 Forging
21:54 Husbandry
23:52 Chain Barding Armor
27:37 Iron Casting
32:28 Gold Shaft Mining
31:45 Stone Mining
33:18 Wheelbarrow
mcchenw
0:53 Loom
12:52 Feudal Age
17:11 Castle Age
15:05 Double-Bit Axe
15:53 Horse Collar
17:34 Elite Skirmisher
17:37 Pikeman
18:37 Bow Saw
18:57 Heavy Plow
18:25 Elite Skirmisher
20:09 Gold Mining
21:38 Wheelbarrow
23:24 Hand Cart
24:01 Squires
24:51 Stone Mining
26:28 Pikeman
28:21 Gold Shaft Mining
28:38 Fletching
28:52 Padded Archer Armor
29:04 Forging
28:58 Scale Mail Armor
29:23 Bodkin Arrow
29:44 Forging
29:35 Scale Mail Armor
33:22 Imperial Age
32:10 Stone Shaft Mining
33:19 Padded Archer Armor
33:36 Chain Mail Armor
Kristian Hegaard
6:56 Loom
9:52 Feudal Age
11:30 Double-Bit Axe
13:07 Wheelbarrow
21:36 Castle Age
20:23 Padded Archer Armor
BIG SPEED SMAUG
13:51 Feudal Age
15:43 Double-Bit Axe
18:03 Castle Age
16:14 Gold Mining
17:40 Fletching
19:38 Bodkin Arrow
28:17 Wheelbarrow
30:46 Scale Barding Armor
33:37 Chain Barding Armor
Connection lost

Rejoining the realm…

Still unreachable

The connection could not be restored.

Session expired

The server has moved on; the page needs a fresh start.